Eagles vs Punishers
Created - April 2, 2025 at 19:15
Goals
|
| Eagles |
3 |
0 |
2 |
5 |
| Punishers |
2 |
3 |
1 |
6 |
|
Shots
|
| Eagles |
15 |
10 |
15 |
40 |
| Punishers |
11 |
16 |
12 |
39 |
|
1st period
1. Eagles , Elmer Soderblom 3 (Zach Aston-Reese 16, Jonathan Racine 12) at 5:49
2. Eagles , Jack Hughes 30 (Matteson Iacopelli 23) at 8:29
3. Eagles , Sam Steel 21 (Connor Carrick 22, Pius Suter 19) at 12:16
4. Punishers , Kurtis Gabriel 32 (Daniel Audette 33) at 16:18
5. Punishers , Oskar Lindblom 38 (Karson Kuhlman 49, Kole Lind 43) at 16:30
Penalties :
No Penalty
2nd period
6. Punishers , Daniel Audette 20 (Kurtis Gabriel 34, Warren Foegele 25) at 2:58
7. Punishers , Oskar Lindblom 39 (Kole Lind 44) at 14:32
8. Punishers , Ryan Suzuki 2 (Carson Meyer 29, Jesse Ylonen 15) at 19:27
Penalties :
Oskar Lindblom (Pro) for Cross-checking (Minor) at 4:18, Kurtis Gabriel (Pro) for Roughing (Minor) at 6:50, Noah Juulsen (Pro) for Roughing (Minor) at 11:31
3rd period
9. Punishers , Kole Lind 22 (Niko Mikkola 25, Noah Juulsen 18) at 1:13
10. Eagles , Jack Hughes 31 (Matteson Iacopelli 24) at 1:19
11. Eagles , Jack Hughes 32 (Keaton Middleton 21) at 10:27
Penalties :
Jonathan Racine (Col) for Interference (Minor) at 13:50, Jack Hughes (Col) for Holding (Minor) at 14:24, Jonathan Racine (Col) for Holding (Minor) at 17:51
Goalie Stats
Adin Hill (Col), 22 saves from 28 shots - (0.786), L, 24-16-5, 41:13 minutes
Daniel Altshuller (Col), 11 saves from 11 shots - (1.000), 18:47 minutes
Antoine Bibeau (Pro), 35 saves from 40 shots - (0.875), W, 21-12-6, 60:00 minutes
Players Stats for Eagles
Player Name G A P +/- PIM S H SB GA TA FO MP PP MP PK MP
------------------------------------------------------------------------------------
Brett Leason 0 0 0 0 0 3 0 0 0 0 0/1 9:05 0:00 0:00
Connor Carrick 0 1 1 3 0 1 0 3 0 1 0/0 19:26 0:12 3:47
Elmer Soderblom 1 0 1 0 0 1 1 0 0 0 0/0 9:05 0:00 0:00
Gabriel Vilardi 0 0 0 0 0 1 4 0 0 0 1/2 19:22 2:36 0:16
Jack Dougherty 0 0 0 -4 0 3 1 2 1 0 0/0 19:37 2:49 0:45
Jack Hughes 3 0 3 -1 2 3 1 1 0 0 11/28 18:31 3:21 0:33
Jonathan Racine 0 1 1 1 4 2 1 1 1 1 0/0 20:03 3:08 0:03
Keaton Middleton 0 1 1 2 0 3 0 2 0 2 0/0 24:01 2:49 3:47
Kevin Bahl 0 0 0 1 0 1 0 2 0 1 0/0 16:22 0:00 0:00
Matteson Iacopelli 0 2 2 -1 0 1 2 0 1 0 0/0 14:21 0:00 0:00
Matthew Phillips 0 0 0 0 0 2 0 0 0 0 0/0 12:54 3:21 0:00
Mattias Samuelsson 0 0 0 -5 0 0 1 1 1 0 0/0 20:33 2:56 0:45
Michael Carcone 0 0 0 0 0 4 1 0 2 0 0/1 20:12 2:36 1:12
Michael McLeod 0 0 0 0 0 3 1 0 1 0 11/27 20:58 2:36 2:00
Pius Suter 0 1 1 0 0 4 1 0 0 0 0/0 13:34 3:21 0:39
Sam Steel 1 0 1 0 0 3 0 0 0 0 2/6 9:31 0:00 0:16
Tyler Motte 0 0 0 -1 0 2 3 1 0 0 0/1 16:52 0:00 2:31
Zach Aston-Reese 0 1 1 0 0 3 1 0 1 0 3/6 9:33 0:00 0:08
Players Stats for Punishers
Player Name G A P +/- PIM S H SB GA TA FO MP PP MP PK MP
------------------------------------------------------------------------------------
Adam Ruzicka 0 0 0 0 0 2 3 0 0 0 1/4 10:22 0:00 0:28
Ben Betker 0 0 0 0 0 4 0 2 0 0 0/0 25:21 2:36 3:39
Carson Meyer 0 1 1 1 0 0 0 1 0 0 1/1 10:39 0:03 2:17
Daniel Audette 1 1 2 0 0 4 1 1 0 0 10/17 17:29 2:04 1:43
Jack Ahcan 0 0 0 0 0 1 0 0 0 0 0/0 7:53 0:00 0:00
Jesse Ylonen 0 1 1 0 0 0 1 0 0 1 0/0 9:54 0:00 0:00
Joel Kiviranta 0 0 0 0 0 2 0 1 0 0 0/0 11:15 0:07 1:05
Karson Kuhlman 0 1 1 0 0 4 1 2 0 2 23/38 23:08 2:18 3:09
Kole Lind 1 2 3 0 0 3 1 2 0 0 6/7 20:00 2:25 0:00
Kurtis Gabriel 1 1 2 0 2 4 1 0 2 0 0/0 16:46 2:04 0:59
Lassi Thomson 0 0 0 0 0 0 0 0 0 0 0/0 7:53 0:00 0:00
Marcus Karlberg 0 0 0 1 0 0 1 0 1 0 0/0 8:07 0:00 0:00
Nicolas Beaudin 0 0 0 0 0 0 0 1 0 0 0/0 6:47 0:00 0:35
Niko Mikkola 0 1 1 0 0 1 2 1 0 2 0/0 18:25 2:10 2:45
Noah Juulsen 0 1 1 2 2 1 1 1 1 1 0/0 26:18 2:22 2:30
Oskar Lindblom 2 0 2 0 2 10 2 0 0 1 0/1 22:12 2:21 2:13
Rasmus Sandin 0 0 0 0 0 1 0 0 0 0 0/0 14:22 0:19 1:52
Ryan Suzuki 1 0 1 1 0 1 0 0 0 0 2/3 8:24 0:10 0:00
Urho Vaakanainen 0 0 0 0 0 0 1 5 0 1 0/0 13:50 1:37 0:33
Warren Foegele 0 1 1 0 0 1 2 1 1 0 1/1 14:55 2:04 0:00
3 Stars
1 - Jack Hughes (Col)
2 - Kole Lind (Pro)
3 - Oskar Lindblom (Pro)
Power Play
Eagles - 0 on 3 Attempt(s) - 0.00%
Punishers - 0 on 3 Attempt(s) - 0.00%
Penalty Kill
Eagles - 3 on 3 Attempt(s) - 100.00%
- Score 0 goal in Penalty Kill
Punishers - 3 on 3 Attempt(s) - 100.00%
- Score 0 goal in Penalty Kill
Team Stat
Eagles - Hits : 18 - Faceoff Wins : 28 - Blocked Shots : 13 - Penalty Minutes : 6
Punishers - Hits : 17 - Faceoff Wins : 44 - Blocked Shots : 18 - Penalty Minutes : 6
Official
Referees : Dan O'Rourke and Jon McIsaac
Linesman : Tyson Baker and Steve Miller
Game Notes
Nicolas Beaudin is injured at 5:35 of 2nd period (Strained Groin)
1:13 of 3rd period - Punishers goal is going for a video replay. After video review, Goal.
Daniel Altshuller enters game at 1:13 of 3rd period
Jack Hughes has scored a Hat Trick!
Finance
Level 1 -- Attendance: 1749 (87.45%) -- Ticket Income $122,430
Level 2 -- Attendance: 975 (97.50%) -- Ticket Income $39,000
Total Attendance: 2724 (90.80%)
Total Ticket Income: $161,430
Other Income: $8,072
Total Income: $169,502
Eagles
5 vs 5 Forward
Center Left Wing Right Wing Time % Phy DF OF
1 Michael McLeod Michael Carcone Gabriel Vilardi 35 1 2 2
2 Jack Hughes Tyler Motte Matteson Iacopelli 34 1 2 2
3 Sam Steel Pius Suter Matthew Phillips 21 1 2 2
4 Zach Aston-Reese Elmer Soderblom Brett Leason 10 1 2 2
5 vs 5 Defense
Defense Defense Time % Phy DF OF
1 Connor Carrick Keaton Middleton 33 1 2 2
2 Jack Dougherty Mattias Samuelsson 32 1 2 2
3 Kevin Bahl Jonathan Racine 30 1 3 1
4 Mattias Samuelsson Keaton Middleton 5 1 2 2
PowerPlay Forward
Center Left Wing Right Wing Time % Phy DF OF
1 Michael McLeod Michael Carcone Gabriel Vilardi 50 1 1 3
2 Jack Hughes Pius Suter Matthew Phillips 50 1 1 3
PowerPlay Defense
Defense Defense Time % Phy DF OF
1 Jack Dougherty Keaton Middleton 50 1 1 3
2 Jonathan Racine Mattias Samuelsson 50 1 1 3
Penalty Kill 4 Players Forward
Center Wing Time % Phy DF OF
1 Michael McLeod Tyler Motte 65 1 3 1
2 Sam Steel Gabriel Vilardi 35 1 3 1
Penalty Kill 4 Players Defense
Defense Defense Time % Phy DF OF
1 Connor Carrick Keaton Middleton 65 1 3 1
2 Mattias Samuelsson Jack Dougherty 35 1 1 3
Penalty Kill - 3 Players Forward
Forward Time % Phy DF OF
1 Michael McLeod 65 1 4 0
2 Tyler Motte 35 1 4 0
Penalty Kill - 3 Players Defense
Defense Defense Time % Phy DF OF
1 Connor Carrick Keaton Middleton 70 1 4 0
2 Mattias Samuelsson Jack Dougherty 30 1 4 0
4 vs 4 Forward
Center Wing Time % Phy DF OF
1 Michael McLeod Michael Carcone 50 1 2 2
2 Jack Hughes Gabriel Vilardi 50 1 2 2
4 vs 4 Defense
Defense Defense Time % Phy DF OF
1 Connor Carrick Jack Dougherty 50 1 2 2
2 Keaton Middleton Jonathan Racine 50 1 2 2
Last Minutes Offensive
Center Left Wing Right Wing Defense Defense
Jack Hughes Michael Carcone Gabriel Vilardi Keaton Middleton Jack Dougherty
Last Minutes Defensive
Center Left Wing Right Wing Defense Defense
Michael McLeod Tyler Motte Gabriel Vilardi Connor Carrick Keaton Middleton
Goaltenders
Starting : Adin Hill
Backup : Daniel Altshuller
Extra Forwards
Normal : Zach Aston-Reese, Brett Leason, Elmer Soderblom - PP : Zach Aston-Reese, Brett Leason - PK : Michael Carcone
Extra Defensemen
Normal : Kevin Bahl, Jonathan Racine, Mattias Samuelsson - PP : Connor Carrick - PK : Jonathan Racine, Kevin Bahl
Penalty Shots
Jack Hughes, Gabriel Vilardi, Michael McLeod, Pius Suter, Brett Leason
Custom OT Lines Forwards
Michael McLeod, Michael Carcone, Zach Aston-Reese, Tyler Motte, Sam Steel, Jack Hughes, Matteson Iacopelli, Pius Suter, Elmer Soderblom, Brett Leason
Custom OT Lines Defensemen
Connor Carrick, Jack Dougherty, Keaton Middleton, Jonathan Racine, Mattias Samuelsson
Scratches
Chris Calhan (Healthy), Dominik Kubalik (Healthy), Mark Friedman (Healthy), Tyler Tucker (Healthy), Michael Dal Colle (Healthy)
Xavier Ouellet (Healthy), Alexander Nylander (Healthy), Max Lajoie (Healthy), Pascal Laberge (Healthy), Marian Studenic (Healthy)
Ilya Nikolaev (Healthy), Santeri Hatakka (Healthy), Jacob Leguerrier (Healthy), Zachary Emond (Healthy), Linus Ullmark (Healthy)
Hugo Alnefelt (Healthy)
Punishers
5 vs 5 Forward
Center Left Wing Right Wing Time % Phy DF OF
1 Karson Kuhlman Oskar Lindblom Kole Lind 40 0 2 3
2 Daniel Audette Warren Foegele Kurtis Gabriel 30 0 2 3
3 Adam Ruzicka Joel Kiviranta Jesse Ylonen 20 1 2 2
4 Ryan Suzuki Marcus Karlberg Carson Meyer 10 1 2 2
5 vs 5 Defense
Defense Defense Time % Phy DF OF
1 Noah Juulsen Ben Betker 40 1 2 2
2 Niko Mikkola Nicolas Beaudin 30 1 2 2
3 Urho Vaakanainen Rasmus Sandin 20 1 2 2
4 Jack Ahcan Lassi Thomson 10 1 2 2
PowerPlay Forward
Center Left Wing Right Wing Time % Phy DF OF
1 Karson Kuhlman Oskar Lindblom Kole Lind 60 0 2 3
2 Daniel Audette Warren Foegele Kurtis Gabriel 40 0 2 3
PowerPlay Defense
Defense Defense Time % Phy DF OF
1 Noah Juulsen Ben Betker 60 1 2 2
2 Niko Mikkola Nicolas Beaudin 40 1 2 2
Penalty Kill 4 Players Forward
Center Wing Time % Phy DF OF
1 Karson Kuhlman Oskar Lindblom 60 0 3 2
2 Daniel Audette Kurtis Gabriel 40 0 3 2
Penalty Kill 4 Players Defense
Defense Defense Time % Phy DF OF
1 Noah Juulsen Ben Betker 60 1 2 2
2 Niko Mikkola Nicolas Beaudin 40 1 2 2
Penalty Kill - 3 Players Forward
Forward Time % Phy DF OF
1 Oskar Lindblom 60 0 3 2
2 Karson Kuhlman 40 0 3 2
Penalty Kill - 3 Players Defense
Defense Defense Time % Phy DF OF
1 Noah Juulsen Ben Betker 60 0 3 2
2 Niko Mikkola Nicolas Beaudin 40 0 3 2
4 vs 4 Forward
Center Wing Time % Phy DF OF
1 Karson Kuhlman Oskar Lindblom 60 0 2 3
2 Adam Ruzicka Kole Lind 40 0 2 3
4 vs 4 Defense
Defense Defense Time % Phy DF OF
1 Noah Juulsen Ben Betker 60 1 2 2
2 Niko Mikkola Nicolas Beaudin 40 1 2 2
Last Minutes Offensive
Center Left Wing Right Wing Defense Defense
Karson Kuhlman Oskar Lindblom Kurtis Gabriel Noah Juulsen Ben Betker
Last Minutes Defensive
Center Left Wing Right Wing Defense Defense
Karson Kuhlman Oskar Lindblom Kurtis Gabriel Noah Juulsen Ben Betker
Goaltenders
Starting : Antoine Bibeau
Backup : Cal Petersen
Extra Forwards
Normal : Kurtis Gabriel, Oskar Lindblom, Kole Lind - PP : Ryan Suzuki, Daniel Audette - PK : Carson Meyer
Extra Defensemen
Normal : Niko Mikkola, Noah Juulsen, Ben Betker - PP : Urho Vaakanainen - PK : Niko Mikkola, Rasmus Sandin
Penalty Shots
Oskar Lindblom, Karson Kuhlman, Kurtis Gabriel, Daniel Audette, Kole Lind
Custom OT Lines Forwards
Oskar Lindblom, Karson Kuhlman, Kurtis Gabriel, Daniel Audette, Kole Lind, Carson Meyer, Warren Foegele, Adam Ruzicka, Joel Kiviranta, Jesse Ylonen
Custom OT Lines Defensemen
Noah Juulsen, Ben Betker, Niko Mikkola, Nicolas Beaudin, Urho Vaakanainen
Scratches
Ben Meyers (Healthy), Braden Tracey (Healthy), Jack LaFontaine (Healthy), Carter Gylander (Healthy)
% Time on Ice - Eagles
Lines # - Real PCT - Wanted PCT - Time Play
Normal Forward
1 - 33% - 35% - 16:24
2 - 30% - 34% - 14:39
3 - 19% - 21% - 9:15
4 - 18% - 10% - 9:05
Normal Defense
1 - 33% - 33% - 16:17
2 - 32% - 32% - 15:44
3 - 33% - 30% - 16:14
4 - 2% - 5% - 1:08
PP Forward
1 - 44% - 50% - 2:36
2 - 56% - 50% - 3:21
PP Defense
1 - 47% - 50% - 2:49
2 - 53% - 50% - 3:08
PK Forward
1 - 91% - 65% - 2:51
2 - 9% - 35% - 0:16
PK Defense
1 - 95% - 65% - 2:57
2 - 5% - 35% - 0:10
PK3 Forward
1 - 65% - 65% - 0:55
2 - 35% - 35% - 0:30
PK3 Defense
1 - 59% - 70% - 0:50
2 - 41% - 30% - 0:35
44 Forward
1 - 0% - 50%
2 - 0% - 50%
44 Defense
1 - 0% - 50%
2 - 0% - 50%
Last Minute Offensive - 0:08
Last Minute Defensive - 0:00
Total
Forward - 60:00
Defense - 60:00
|
% Time on Ice - Punishers
Lines # - Real PCT - Wanted PCT - Time Play
Normal Forward
1 - 36% - 40% - 17:46
2 - 28% - 30% - 13:42
3 - 20% - 20% - 9:54
4 - 16% - 10% - 8:07
Normal Defense
1 - 36% - 40% - 17:57
2 - 27% - 30% - 13:30
3 - 21% - 20% - 10:09
4 - 16% - 10% - 7:53
PP Forward
1 - 54% - 60% - 2:28
2 - 46% - 40% - 2:04
PP Defense
1 - 52% - 60% - 2:22
2 - 48% - 40% - 2:10
PK Forward
1 - 71% - 60% - 4:14
2 - 29% - 40% - 1:43
PK Defense
1 - 67% - 60% - 3:59
2 - 33% - 40% - 1:58
PK3 Forward
1 - 0% - 60%
2 - 0% - 40%
PK3 Defense
1 - 0% - 60%
2 - 0% - 40%
44 Forward
1 - 0% - 60%
2 - 0% - 40%
44 Defense
1 - 0% - 60%
2 - 0% - 40%
Last Minute Offensive - 0:00
Last Minute Defensive - 0:02
Total
Forward - 60:00
Defense - 60:00
|
Play-by-Play
1st period
0:01 of 1st period - Karson Kuhlman wins face-off versus Michael McLeod in neutral zone.
0:14 of 1st period - Snap shot by Michael McLeod.
0:14 of 1st period - Stopped by Antoine Bibeau with a rebound.
0:54 of 1st period - Slapshot by Adam Ruzicka.
0:54 of 1st period - Stopped by Adin Hill with a rebound.
1:30 of 1st period - Off-side.
1:31 of 1st period - Daniel Audette wins face-off versus Michael McLeod in neutral zone.
2:43 of 1st period - Slapshot by Brett Leason.
2:43 of 1st period - Stopped by Antoine Bibeau without a rebound.
2:44 of 1st period - Jack Hughes wins face-off versus Oskar Lindblom in Punishers zone.
2:47 of 1st period - Wrist shot by Tyler Motte.
2:47 of 1st period - Stopped by Antoine Bibeau without a rebound.
2:48 of 1st period - Karson Kuhlman wins face-off versus Jack Hughes in Punishers zone.
2:53 of 1st period - Wrist shot by Karson Kuhlman.
2:53 of 1st period - Shot Misses the Net.
2:55 of 1st period - Slapshot by Nicolas Beaudin.
2:55 of 1st period - Shot Blocked by Keaton Middleton.
3:48 of 1st period - Jack Dougherty is hit by Adam Ruzicka.
4:42 of 1st period - Wrist shot by Kurtis Gabriel.
4:42 of 1st period - Stopped by Adin Hill with a rebound.
5:02 of 1st period - Wrist shot by Sam Steel.
5:02 of 1st period - Stopped by Antoine Bibeau without a rebound.
5:03 of 1st period - Sam Steel wins face-off versus Adam Ruzicka in Punishers zone.
5:28 of 1st period - Gabriel Vilardi is hit by Oskar Lindblom and loses puck.
5:49 of 1st period - Slapshot by Elmer Soderblom.
5:49 of 1st period - Goal by Elmer Soderblom - Eagles : 1 - Punishers : 0.
5:50 of 1st period - Kole Lind wins face-off versus Jack Hughes in neutral zone.
5:53 of 1st period - Jack Dougherty is hit by Oskar Lindblom and loses puck.
6:02 of 1st period - Wrist shot by Karson Kuhlman.
6:02 of 1st period - Stopped by Adin Hill with a rebound.
6:50 of 1st period - Wrist shot by Michael Carcone.
6:50 of 1st period - Stopped by Antoine Bibeau without a rebound.
6:51 of 1st period - Karson Kuhlman wins face-off versus Jack Hughes in Punishers zone.
6:51 of 1st period - Karson Kuhlman is hit by Tyler Motte.
7:23 of 1st period - Icing by Daniel Audette.
7:24 of 1st period - Michael McLeod wins face-off versus Daniel Audette in Punishers zone.
7:35 of 1st period - Backhand shot by Gabriel Vilardi.
7:35 of 1st period - Shot Misses the Net.
7:37 of 1st period - Snap shot by Michael McLeod.
7:37 of 1st period - Shot Misses the Net.
7:39 of 1st period - Snap shot by Gabriel Vilardi.
7:39 of 1st period - Shot Misses the Net.
8:07 of 1st period - Jack Ahcan is hit by Matteson Iacopelli and loses puck.
8:22 of 1st period - Jack Ahcan is hit by Tyler Motte and loses puck.
8:27 of 1st period - Wrist shot by Matteson Iacopelli.
8:27 of 1st period - Shot Blocked by Karson Kuhlman.
8:29 of 1st period - Wrist shot by Jack Hughes.
8:29 of 1st period - Goal by Jack Hughes - Eagles : 2 - Punishers : 0.
8:30 of 1st period - Michael McLeod wins face-off versus Daniel Audette in neutral zone.
8:37 of 1st period - Off-side.
8:38 of 1st period - Daniel Audette wins face-off versus Michael McLeod in neutral zone.
8:41 of 1st period - Snap shot by Noah Juulsen.
8:41 of 1st period - Deflect By Michael McLeod.
8:41 of 1st period - Stopped by Adin Hill without a rebound.
8:42 of 1st period - Michael McLeod wins face-off versus Karson Kuhlman in Eagles zone.
8:51 of 1st period - Snap shot by Oskar Lindblom.
8:51 of 1st period - Shot Blocked by Connor Carrick.
9:07 of 1st period - Connor Carrick is hit by Kurtis Gabriel and loses puck.
10:22 of 1st period - Snap shot by Gabriel Vilardi.
10:22 of 1st period - Shot Misses the Net.
11:22 of 1st period - Wrist shot by Zach Aston-Reese.
11:22 of 1st period - Stopped by Antoine Bibeau with a rebound.
11:24 of 1st period - Wrist shot by Keaton Middleton.
11:24 of 1st period - Stopped by Antoine Bibeau with a rebound.
11:26 of 1st period - Snap shot by Connor Carrick.
11:26 of 1st period - Shot Misses the Net.
12:06 of 1st period - Snap shot by Jack Hughes.
12:06 of 1st period - Shot Misses the Net.
12:08 of 1st period - Backhand shot by Tyler Motte.
12:08 of 1st period - Stopped by Antoine Bibeau without a rebound.
12:09 of 1st period - Sam Steel wins face-off versus Karson Kuhlman in Punishers zone.
12:16 of 1st period - Snap shot by Sam Steel.
12:16 of 1st period - Goal by Sam Steel - Eagles : 3 - Punishers : 0.
12:17 of 1st period - Karson Kuhlman wins face-off versus Michael Carcone in neutral zone.
12:47 of 1st period - Snap shot by Adam Ruzicka.
12:47 of 1st period - Shot Misses the Net.
12:57 of 1st period - Snap shot by Gabriel Vilardi.
12:57 of 1st period - Shot Blocked by Ben Betker.
12:59 of 1st period - Wrist shot by Michael McLeod.
12:59 of 1st period - Shot Misses the Net.
13:15 of 1st period - Snap shot by Michael Carcone.
13:15 of 1st period - Stopped by Antoine Bibeau without a rebound.
13:16 of 1st period - Jack Hughes wins face-off versus Karson Kuhlman in Punishers zone.
13:41 of 1st period - Oskar Lindblom is hit by Elmer Soderblom and loses puck.
14:36 of 1st period - Wrist shot by Nicolas Beaudin.
14:36 of 1st period - Shot Misses the Net.
14:48 of 1st period - Wrist shot by Brett Leason.
14:48 of 1st period - Stopped by Antoine Bibeau without a rebound.
14:49 of 1st period - Zach Aston-Reese wins face-off versus Adam Ruzicka in Punishers zone.
15:02 of 1st period - Wrist shot by Adam Ruzicka.
15:02 of 1st period - Stopped by Adin Hill with a rebound.
15:37 of 1st period - Backhand shot by Jesse Ylonen.
15:37 of 1st period - Shot Hit the Post.
15:39 of 1st period - Snap shot by Joel Kiviranta.
15:39 of 1st period - Shot Blocked by Connor Carrick.
15:41 of 1st period - Slapshot by Jack Ahcan.
15:41 of 1st period - Shot Misses the Net.
15:43 of 1st period - Slapshot by Lassi Thomson.
15:43 of 1st period - Shot Misses the Net.
15:45 of 1st period - Slapshot by Jack Ahcan.
15:45 of 1st period - Stopped by Adin Hill without a rebound.
15:46 of 1st period - Karson Kuhlman wins face-off versus Sam Steel in Eagles zone.
15:53 of 1st period - Snap shot by Oskar Lindblom.
15:53 of 1st period - Stopped by Adin Hill without a rebound.
15:54 of 1st period - Karson Kuhlman wins face-off versus Sam Steel in Eagles zone.
16:04 of 1st period - Icing by Sam Steel.
16:05 of 1st period - Daniel Audette wins face-off versus Sam Steel in Eagles zone.
16:18 of 1st period - Slapshot by Kurtis Gabriel.
16:18 of 1st period - Goal by Kurtis Gabriel - Eagles : 3 - Punishers : 1.
16:19 of 1st period - Kole Lind wins face-off versus Jack Hughes in neutral zone.
16:30 of 1st period - Snap shot by Karson Kuhlman.
16:30 of 1st period - Deflect By Oskar Lindblom.
16:30 of 1st period - Goal by Oskar Lindblom - Eagles : 3 - Punishers : 2.
16:31 of 1st period - Michael McLeod wins face-off versus Daniel Audette in neutral zone.
17:29 of 1st period - Wrist shot by Ben Betker.
17:29 of 1st period - Shot Blocked by Jonathan Racine.
17:31 of 1st period - Slapshot by Noah Juulsen.
17:31 of 1st period - Shot Blocked by Kevin Bahl.
18:04 of 1st period - Slapshot by Ben Betker.
18:04 of 1st period - Deflect By Michael Carcone.
18:04 of 1st period - Stopped by Adin Hill without a rebound.
18:05 of 1st period - Daniel Audette wins face-off versus Michael McLeod in Eagles zone.
18:06 of 1st period - Snap shot by Kurtis Gabriel.
18:06 of 1st period - Shot Blocked by Jack Dougherty.
18:18 of 1st period - Snap shot by Michael McLeod.
18:18 of 1st period - Stopped by Antoine Bibeau with a rebound.
18:20 of 1st period - Wrist shot by Michael McLeod.
18:20 of 1st period - Shot Blocked by Nicolas Beaudin.
18:22 of 1st period - Snap shot by Michael Carcone.
18:22 of 1st period - Shot Misses the Net.
18:24 of 1st period - Slapshot by Gabriel Vilardi.
18:24 of 1st period - Shot Blocked by Niko Mikkola.
18:26 of 1st period - Wrist shot by Michael Carcone.
18:26 of 1st period - Stopped by Antoine Bibeau without a rebound.
18:27 of 1st period - Karson Kuhlman wins face-off versus Jack Hughes in Punishers zone.
18:42 of 1st period - Snap shot by Karson Kuhlman.
18:42 of 1st period - Shot Blocked by Connor Carrick.
18:56 of 1st period - Snap shot by Kurtis Gabriel.
18:56 of 1st period - Shot Misses the Net.
19:04 of 1st period - Snap shot by Daniel Audette.
19:04 of 1st period - Stopped by Adin Hill without a rebound.
19:05 of 1st period - Karson Kuhlman wins face-off versus Michael McLeod in Eagles zone.
19:06 of 1st period - Wrist shot by Oskar Lindblom.
19:06 of 1st period - Shot Misses the Net.
19:08 of 1st period - Snap shot by Kole Lind.
19:08 of 1st period - Shot Misses the Net.
19:10 of 1st period - Backhand shot by Niko Mikkola.
19:10 of 1st period - Deflect By Karson Kuhlman.
19:10 of 1st period - Shot Blocked by Jack Dougherty.
19:10 of 1st period - Puck is out of play.
19:11 of 1st period - Michael McLeod wins face-off versus Karson Kuhlman in Eagles zone.
Goals for this period are 3 for Eagles vs 2 for Punishers.
Shots for this period are 15 for Eagles vs 11 for Punishers.
2nd period
0:01 of 2nd period - Jack Hughes wins face-off versus Karson Kuhlman in neutral zone.
0:03 of 2nd period - Off-side.
0:04 of 2nd period - Karson Kuhlman wins face-off versus Jack Hughes in neutral zone.
0:13 of 2nd period - Snap shot by Kole Lind.
0:13 of 2nd period - Shot Hit the Post.
0:15 of 2nd period - Backhand shot by Karson Kuhlman.
0:15 of 2nd period - Shot Misses the Net.
0:17 of 2nd period - Slapshot by Karson Kuhlman.
0:17 of 2nd period - Stopped by Adin Hill without a rebound.
0:18 of 2nd period - Daniel Audette wins face-off versus Michael McLeod in Eagles zone.
0:33 of 2nd period - Snap shot by Warren Foegele.
0:33 of 2nd period - Shot Blocked by Kevin Bahl.
1:09 of 2nd period - Kole Lind is hit by Tyler Motte.
1:26 of 2nd period - Slapshot by Sam Steel.
1:26 of 2nd period - Shot Misses the Net.
1:28 of 2nd period - Snap shot by Sam Steel.
1:28 of 2nd period - Shot Misses the Net.
1:30 of 2nd period - Slapshot by Pius Suter.
1:30 of 2nd period - Stopped by Antoine Bibeau with a rebound.
2:12 of 2nd period - Slapshot by Oskar Lindblom.
2:12 of 2nd period - Stopped by Adin Hill with a rebound.
2:17 of 2nd period - Keaton Middleton is hit by Noah Juulsen and loses puck.
2:28 of 2nd period - Snap shot by Zach Aston-Reese.
2:28 of 2nd period - Shot Misses the Net.
2:44 of 2nd period - Slapshot by Brett Leason.
2:44 of 2nd period - Deflect By Zach Aston-Reese.
2:44 of 2nd period - Stopped by Antoine Bibeau without a rebound.
2:45 of 2nd period - Daniel Audette wins face-off versus Jack Hughes in Punishers zone.
2:54 of 2nd period - Snap shot by Warren Foegele.
2:54 of 2nd period - Shot Misses the Net.
2:56 of 2nd period - Snap shot by Daniel Audette.
2:56 of 2nd period - Shot Blocked by Tyler Motte.
2:58 of 2nd period - Slapshot by Kurtis Gabriel.
2:58 of 2nd period - Deflect By Daniel Audette.
2:58 of 2nd period - Goal by Daniel Audette - Eagles : 3 - Punishers : 3.
2:59 of 2nd period - Karson Kuhlman wins face-off versus Michael McLeod in neutral zone.
3:02 of 2nd period - Slapshot by Ben Betker.
3:02 of 2nd period - Stopped by Adin Hill without a rebound.
3:03 of 2nd period - Kole Lind wins face-off versus Michael McLeod in Eagles zone.
3:04 of 2nd period - Wrist shot by Oskar Lindblom.
3:04 of 2nd period - Stopped by Adin Hill with a rebound.
3:06 of 2nd period - Snap shot by Ben Betker.
3:06 of 2nd period - Stopped by Adin Hill with a rebound.
3:08 of 2nd period - Snap shot by Ben Betker.
3:08 of 2nd period - Stopped by Adin Hill without a rebound.
3:09 of 2nd period - Karson Kuhlman wins face-off versus Michael McLeod in Eagles zone.
3:31 of 2nd period - Wrist shot by Michael Carcone.
3:31 of 2nd period - Stopped by Antoine Bibeau with a rebound.
4:02 of 2nd period - Michael Carcone is hit by Kole Lind.
4:16 of 2nd period - Snap shot by Gabriel Vilardi.
4:16 of 2nd period - Shot Blocked by Kole Lind.
4:18 of 2nd period - Minor Penalty to Oskar Lindblom for Cross-checking.
4:19 of 2nd period - Daniel Audette wins face-off versus Jack Hughes in Punishers zone.
4:34 of 2nd period - Snap shot by Pius Suter.
4:34 of 2nd period - Shot Blocked by Daniel Audette.
4:44 of 2nd period - Jack Dougherty is hit by Niko Mikkola and loses puck.
5:20 of 2nd period - Wrist shot by Jack Hughes.
5:20 of 2nd period - Shot Blocked by Joel Kiviranta.
5:22 of 2nd period - Slapshot by Jonathan Racine.
5:22 of 2nd period - Stopped by Antoine Bibeau with a rebound.
5:24 of 2nd period - Snap shot by Jack Hughes.
5:24 of 2nd period - Shot Misses the Net.
5:34 of 2nd period - Nicolas Beaudin is hit by Jonathan Racine and loses puck.
5:35 of 2nd period - Nicolas Beaudin from Punishers is injured at 5:35 of 2nd period (Strained Groin).
5:36 of 2nd period - Michael McLeod wins face-off versus Karson Kuhlman in Punishers zone.
5:43 of 2nd period - Snap shot by Gabriel Vilardi.
5:43 of 2nd period - Shot Misses the Net.
5:45 of 2nd period - Slapshot by Jack Dougherty.
5:45 of 2nd period - Shot Misses the Net.
5:47 of 2nd period - Slapshot by Jack Dougherty.
5:47 of 2nd period - Shot Blocked by Karson Kuhlman.
5:49 of 2nd period - Slapshot by Gabriel Vilardi.
5:49 of 2nd period - Shot Misses the Net.
5:51 of 2nd period - Slapshot by Keaton Middleton.
5:51 of 2nd period - Stopped by Antoine Bibeau without a rebound.
5:52 of 2nd period - Jack Hughes wins face-off versus Karson Kuhlman in Punishers zone.
6:17 of 2nd period - Ben Betker is hit by Gabriel Vilardi and loses puck.
6:18 of 2nd period - Penalty to Oskar Lindblom is over, Oskar Lindblom is back on ice.
6:28 of 2nd period - Snap shot by Carson Meyer.
6:28 of 2nd period - Deflect By Oskar Lindblom.
6:28 of 2nd period - Shot Misses the Net.
6:28 of 2nd period - Puck is out of play.
6:29 of 2nd period - Jack Hughes wins face-off versus Daniel Audette in Eagles zone.
6:42 of 2nd period - Snap shot by Matteson Iacopelli.
6:42 of 2nd period - Shot Blocked by Urho Vaakanainen.
6:44 of 2nd period - Wrist shot by Jack Hughes.
6:44 of 2nd period - Shot Blocked by Warren Foegele.
6:50 of 2nd period - Minor Penalty to Kurtis Gabriel for Roughing.
6:51 of 2nd period - Karson Kuhlman wins face-off versus Michael McLeod in Punishers zone.
6:51 of 2nd period - Karson Kuhlman is hit by Gabriel Vilardi.
7:23 of 2nd period - Icing by Michael McLeod.
7:24 of 2nd period - Michael McLeod wins face-off versus Daniel Audette in Eagles zone.
7:33 of 2nd period - Backhand shot by Gabriel Vilardi.
7:33 of 2nd period - Deflect By Michael Carcone.
7:33 of 2nd period - Shot Misses the Net.
7:33 of 2nd period - Puck is out of play.
7:34 of 2nd period - Jack Hughes wins face-off versus Karson Kuhlman in Punishers zone.
7:59 of 2nd period - Karson Kuhlman is hit by Gabriel Vilardi and loses puck.
8:44 of 2nd period - Jack Hughes is hit by Niko Mikkola and loses puck.
8:50 of 2nd period - Penalty to Kurtis Gabriel is over, Kurtis Gabriel is back on ice.
8:58 of 2nd period - Icing by Elmer Soderblom.
8:59 of 2nd period - Adam Ruzicka wins face-off versus Zach Aston-Reese in Eagles zone.
9:08 of 2nd period - Slapshot by Jonathan Racine.
9:08 of 2nd period - Stopped by Antoine Bibeau with a rebound.
9:24 of 2nd period - Snap shot by Daniel Audette.
9:24 of 2nd period - Shot Blocked by Keaton Middleton.
10:35 of 2nd period - Backhand shot by Warren Foegele.
10:35 of 2nd period - Shot Blocked by Mattias Samuelsson.
10:37 of 2nd period - Snap shot by Kurtis Gabriel.
10:37 of 2nd period - Deflect By Warren Foegele.
10:37 of 2nd period - Stopped by Adin Hill with a rebound.
10:39 of 2nd period - Slapshot by Kurtis Gabriel.
10:39 of 2nd period - Shot Misses the Net.
10:41 of 2nd period - Slapshot by Niko Mikkola.
10:41 of 2nd period - Stopped by Adin Hill without a rebound.
10:42 of 2nd period - Michael McLeod wins face-off versus Adam Ruzicka in Eagles zone.
11:16 of 2nd period - Slapshot by Oskar Lindblom.
11:16 of 2nd period - Deflect By Kole Lind.
11:16 of 2nd period - Shot Blocked by Jack Hughes.
11:16 of 2nd period - Puck is out of play.
11:17 of 2nd period - Daniel Audette wins face-off versus Jack Hughes in Eagles zone.
11:31 of 2nd period - Minor Penalty to Noah Juulsen for Roughing.
11:32 of 2nd period - Karson Kuhlman wins face-off versus Michael McLeod in Punishers zone.
11:36 of 2nd period - Gabriel Vilardi is hit by Karson Kuhlman and loses puck.
11:43 of 2nd period - Ben Betker is hit by Gabriel Vilardi.
12:24 of 2nd period - Karson Kuhlman is hit by Michael McLeod and loses puck.
13:31 of 2nd period - Penalty to Noah Juulsen is over, Noah Juulsen is back on ice.
13:43 of 2nd period - Wrist shot by Kurtis Gabriel.
13:43 of 2nd period - Stopped by Adin Hill with a rebound.
14:20 of 2nd period - Snap shot by Kurtis Gabriel.
14:20 of 2nd period - Stopped by Adin Hill without a rebound.
14:21 of 2nd period - Zach Aston-Reese wins face-off versus Karson Kuhlman in Eagles zone.
14:32 of 2nd period - Snap shot by Oskar Lindblom.
14:32 of 2nd period - Goal by Oskar Lindblom - Eagles : 3 - Punishers : 4.
14:33 of 2nd period - Karson Kuhlman wins face-off versus Jack Hughes in neutral zone.
14:48 of 2nd period - Snap shot by Oskar Lindblom.
14:48 of 2nd period - Stopped by Adin Hill without a rebound.
14:49 of 2nd period - Michael McLeod wins face-off versus Daniel Audette in Eagles zone.
15:23 of 2nd period - Slapshot by Oskar Lindblom.
15:23 of 2nd period - Shot Misses the Net.
15:39 of 2nd period - Slapshot by Jack Dougherty.
15:39 of 2nd period - Stopped by Antoine Bibeau without a rebound.
15:40 of 2nd period - Carson Meyer wins face-off versus Sam Steel in Punishers zone.
15:51 of 2nd period - Carson Meyer is hit by Pius Suter and loses puck.
16:22 of 2nd period - Snap shot by Pius Suter.
16:22 of 2nd period - Stopped by Antoine Bibeau with a rebound.
16:24 of 2nd period - Snap shot by Pius Suter.
16:24 of 2nd period - Stopped by Antoine Bibeau with a rebound.
16:26 of 2nd period - Slapshot by Mattias Samuelsson.
16:26 of 2nd period - Shot Blocked by Urho Vaakanainen.
16:28 of 2nd period - Slapshot by Sam Steel.
16:28 of 2nd period - Shot Blocked by Urho Vaakanainen.
16:30 of 2nd period - Snap shot by Matthew Phillips.
16:30 of 2nd period - Shot Misses the Net.
16:32 of 2nd period - Slapshot by Pius Suter.
16:32 of 2nd period - Stopped by Antoine Bibeau without a rebound.
16:33 of 2nd period - Karson Kuhlman wins face-off versus Jack Hughes in Punishers zone.
16:46 of 2nd period - Snap shot by Karson Kuhlman.
16:46 of 2nd period - Stopped by Adin Hill without a rebound.
16:47 of 2nd period - Michael McLeod wins face-off versus Karson Kuhlman in Eagles zone.
17:12 of 2nd period - Jonathan Racine is hit by Adam Ruzicka and loses puck.
17:37 of 2nd period - Slapshot by Daniel Audette.
17:37 of 2nd period - Stopped by Adin Hill with a rebound.
19:27 of 2nd period - Wrist shot by Ryan Suzuki.
19:27 of 2nd period - Goal by Ryan Suzuki - Eagles : 3 - Punishers : 5.
19:28 of 2nd period - Michael McLeod wins face-off versus Karson Kuhlman in neutral zone.
19:33 of 2nd period - Kole Lind is hit by Mattias Samuelsson and loses puck.
Goals for this period are 0 for Eagles vs 3 for Punishers.
Shots for this period are 10 for Eagles vs 16 for Punishers.
3rd period
0:01 of 3rd period - Jack Hughes wins face-off versus Kole Lind in neutral zone.
1:01 of 3rd period - Snap shot by Michael Carcone.
1:01 of 3rd period - Deflect By Gabriel Vilardi.
1:01 of 3rd period - Stopped by Antoine Bibeau without a rebound.
1:02 of 3rd period - Karson Kuhlman wins face-off versus Jack Hughes in Punishers zone.
1:09 of 3rd period - Slapshot by Noah Juulsen.
1:09 of 3rd period - Shot Misses the Net.
1:13 of 3rd period - Slapshot by Kole Lind.
1:13 of 3rd period - Punishers goal is going for a video replay.
1:13 of 3rd period - The goal is good.
1:13 of 3rd period - Goal by Kole Lind - Eagles : 3 - Punishers : 6.
1:13 of 3rd period - Daniel Altshuller enters game.
1:14 of 3rd period - Jack Hughes wins face-off versus Karson Kuhlman in neutral zone.
1:19 of 3rd period - Wrist shot by Jack Hughes.
1:19 of 3rd period - Goal by Jack Hughes - Eagles : 4 - Punishers : 6.
1:20 of 3rd period - Jack Hughes wins face-off versus Karson Kuhlman in neutral zone.
1:27 of 3rd period - Slapshot by Matteson Iacopelli.
1:27 of 3rd period - Shot Blocked by Kole Lind.
1:45 of 3rd period - Ben Betker is hit by Michael Carcone and loses puck.
2:08 of 3rd period - Matthew Phillips is hit by Jesse Ylonen.
2:32 of 3rd period - Snap shot by Brett Leason.
2:32 of 3rd period - Deflect By Niko Mikkola.
2:32 of 3rd period - Stopped by Antoine Bibeau with a rebound.
2:34 of 3rd period - Slapshot by Jack Dougherty.
2:34 of 3rd period - Stopped by Antoine Bibeau without a rebound.
2:35 of 3rd period - Karson Kuhlman wins face-off versus Jack Hughes in Punishers zone.
2:51 of 3rd period - Snap shot by Oskar Lindblom.
2:51 of 3rd period - Stopped by Daniel Altshuller without a rebound.
2:52 of 3rd period - Daniel Audette wins face-off versus Gabriel Vilardi in Eagles zone.
2:57 of 3rd period - Slapshot by Daniel Audette.
2:57 of 3rd period - Stopped by Daniel Altshuller with a rebound.
3:03 of 3rd period - Michael McLeod is hit by Warren Foegele and loses puck.
3:46 of 3rd period - Slapshot by Pius Suter.
3:46 of 3rd period - Deflect By Matthew Phillips.
3:46 of 3rd period - Stopped by Antoine Bibeau with a rebound.
3:48 of 3rd period - Snap shot by Sam Steel.
3:48 of 3rd period - Stopped by Antoine Bibeau with a rebound.
3:50 of 3rd period - Slapshot by Pius Suter.
3:50 of 3rd period - Shot Hit the Post.
4:47 of 3rd period - Jonathan Racine is hit by Adam Ruzicka and loses puck.
5:10 of 3rd period - Urho Vaakanainen is hit by Matteson Iacopelli and loses puck.
5:15 of 3rd period - Wrist shot by Jack Hughes.
5:15 of 3rd period - Deflect By Matteson Iacopelli.
5:15 of 3rd period - Stopped by Antoine Bibeau with a rebound.
5:17 of 3rd period - Slapshot by Keaton Middleton.
5:17 of 3rd period - Stopped by Antoine Bibeau with a rebound.
5:46 of 3rd period - Icing by Warren Foegele.
5:47 of 3rd period - Zach Aston-Reese wins face-off versus Ryan Suzuki in Punishers zone.
5:48 of 3rd period - Wrist shot by Brett Leason.
5:48 of 3rd period - Shot Blocked by Carson Meyer.
5:50 of 3rd period - Slapshot by Kevin Bahl.
5:50 of 3rd period - Shot Blocked by Urho Vaakanainen.
5:52 of 3rd period - Slapshot by Kevin Bahl.
5:52 of 3rd period - Stopped by Antoine Bibeau without a rebound.
5:53 of 3rd period - Ryan Suzuki wins face-off versus Brett Leason in Punishers zone.
6:02 of 3rd period - Slapshot by Zach Aston-Reese.
6:02 of 3rd period - Shot Blocked by Ben Betker.
6:20 of 3rd period - Kevin Bahl is hit by Marcus Karlberg and loses puck.
7:19 of 3rd period - Slapshot by Jack Dougherty.
7:19 of 3rd period - Stopped by Antoine Bibeau without a rebound.
7:20 of 3rd period - Kole Lind wins face-off versus Jack Hughes in Punishers zone.
7:24 of 3rd period - Off-side.
7:25 of 3rd period - Karson Kuhlman wins face-off versus Jack Hughes in neutral zone.
7:55 of 3rd period - Wrist shot by Warren Foegele.
7:55 of 3rd period - Shot Misses the Net.
8:08 of 3rd period - Snap shot by Joel Kiviranta.
8:08 of 3rd period - Shot Misses the Net.
8:10 of 3rd period - Snap shot by Rasmus Sandin.
8:10 of 3rd period - Stopped by Daniel Altshuller with a rebound.
8:12 of 3rd period - Slapshot by Adam Ruzicka.
8:12 of 3rd period - Shot Misses the Net.
8:14 of 3rd period - Wrist shot by Joel Kiviranta.
8:14 of 3rd period - Stopped by Daniel Altshuller without a rebound.
8:15 of 3rd period - Karson Kuhlman wins face-off versus Jack Hughes in Eagles zone.
8:18 of 3rd period - Slapshot by Kole Lind.
8:18 of 3rd period - Stopped by Daniel Altshuller without a rebound.
8:19 of 3rd period - Jack Hughes wins face-off versus Karson Kuhlman in Eagles zone.
8:46 of 3rd period - Snap shot by Kurtis Gabriel.
8:46 of 3rd period - Shot Misses the Net.
9:50 of 3rd period - Wrist shot by Oskar Lindblom.
9:50 of 3rd period - Deflect By Kole Lind.
9:50 of 3rd period - Stopped by Daniel Altshuller with a rebound.
9:52 of 3rd period - Snap shot by Karson Kuhlman.
9:52 of 3rd period - Shot Misses the Net.
9:54 of 3rd period - Wrist shot by Karson Kuhlman.
9:54 of 3rd period - Stopped by Daniel Altshuller without a rebound.
9:55 of 3rd period - Kole Lind wins face-off versus Michael McLeod in Eagles zone.
10:25 of 3rd period - Slapshot by Jack Hughes.
10:25 of 3rd period - Shot Misses the Net.
10:27 of 3rd period - Wrist shot by Jack Hughes.
10:27 of 3rd period - Goal by Jack Hughes - Eagles : 5 - Punishers : 6.
10:28 of 3rd period - Karson Kuhlman wins face-off versus Michael McLeod in neutral zone.
10:37 of 3rd period - Snap shot by Oskar Lindblom.
10:37 of 3rd period - Shot Misses the Net.
10:39 of 3rd period - Snap shot by Kole Lind.
10:39 of 3rd period - Deflect By Oskar Lindblom.
10:39 of 3rd period - Stopped by Daniel Altshuller without a rebound.
10:40 of 3rd period - Kole Lind wins face-off versus Jack Hughes in Eagles zone.
10:51 of 3rd period - Slapshot by Oskar Lindblom.
10:51 of 3rd period - Stopped by Daniel Altshuller with a rebound.
10:53 of 3rd period - Wrist shot by Oskar Lindblom.
10:53 of 3rd period - Stopped by Daniel Altshuller without a rebound.
10:54 of 3rd period - Daniel Audette wins face-off versus Michael McLeod in Eagles zone.
11:19 of 3rd period - Kole Lind is hit by Jack Hughes and loses puck.
11:24 of 3rd period - Wrist shot by Jack Hughes.
11:24 of 3rd period - Shot Blocked by Noah Juulsen.
11:42 of 3rd period - Wrist shot by Matthew Phillips.
11:42 of 3rd period - Stopped by Antoine Bibeau with a rebound.
11:57 of 3rd period - Off-side.
11:58 of 3rd period - Ryan Suzuki wins face-off versus Zach Aston-Reese in neutral zone.
12:06 of 3rd period - Icing by Zach Aston-Reese.
12:07 of 3rd period - Karson Kuhlman wins face-off versus Zach Aston-Reese in Eagles zone.
12:28 of 3rd period - Off-side.
12:29 of 3rd period - Gabriel Vilardi wins face-off versus Daniel Audette in neutral zone.
12:46 of 3rd period - Jonathan Racine is hit by Urho Vaakanainen and loses puck.
13:01 of 3rd period - Wrist shot by Joel Kiviranta.
13:01 of 3rd period - Stopped by Daniel Altshuller with a rebound.
13:50 of 3rd period - Minor Penalty to Jonathan Racine for Interference.
13:51 of 3rd period - Jack Hughes wins face-off versus Karson Kuhlman in Eagles zone.
14:24 of 3rd period - Minor Penalty to Jack Hughes for Holding.
14:25 of 3rd period - Karson Kuhlman wins face-off versus Michael McLeod in Eagles zone.
14:45 of 3rd period - Michael McLeod is hit by Warren Foegele and loses puck.
15:10 of 3rd period - Slapshot by Connor Carrick.
15:10 of 3rd period - Shot Blocked by Urho Vaakanainen.
15:12 of 3rd period - Slapshot by Connor Carrick.
15:12 of 3rd period - Shot Misses the Net.
15:14 of 3rd period - Slapshot by Connor Carrick.
15:14 of 3rd period - Stopped by Antoine Bibeau without a rebound.
15:15 of 3rd period - Warren Foegele wins face-off versus Tyler Motte in Punishers zone.
15:28 of 3rd period - Snap shot by Daniel Audette.
15:28 of 3rd period - Shot Hit the Post.
15:30 of 3rd period - Slapshot by Noah Juulsen.
15:30 of 3rd period - Shot Misses the Net.
15:50 of 3rd period - Penalty to Jonathan Racine is over, Jonathan Racine is back on ice.
16:24 of 3rd period - Penalty to Jack Hughes is over, Jack Hughes is back on ice.
16:59 of 3rd period - Snap shot by Ryan Suzuki.
16:59 of 3rd period - Shot Misses the Net.
17:11 of 3rd period - Daniel Audette is hit by Zach Aston-Reese and loses puck.
17:20 of 3rd period - Snap shot by Zach Aston-Reese.
17:20 of 3rd period - Stopped by Antoine Bibeau with a rebound.
17:34 of 3rd period - Oskar Lindblom is hit by Jack Dougherty and loses puck.
17:39 of 3rd period - Wrist shot by Michael McLeod.
17:39 of 3rd period - Stopped by Antoine Bibeau with a rebound.
17:51 of 3rd period - Minor Penalty to Jonathan Racine for Holding.
17:52 of 3rd period - Karson Kuhlman wins face-off versus Michael McLeod in Eagles zone.
18:18 of 3rd period - Connor Carrick is hit by Daniel Audette and loses puck.
19:51 of 3rd period - Penalty to Jonathan Racine is over, Jonathan Racine is back on ice.
Goals for this period are 2 for Eagles vs 1 for Punishers.
Shots for this period are 15 for Eagles vs 12 for Punishers.